 Dungeon Crawl Stone Soup version 0.22.1-1-ga44c0e5 (webtiles) character file.

137 Fang the Skirmisher (level 5, -1/34 HPs)
             Began as a Gargoyle Berserker on Sept 25, 2018.
             Was a Believer of Trog.
             Slain by a bullfrog (3 damage)
             ... on level 2 of the Dungeon.
             The game lasted 00:01:45 (1380 turns).

Fang the Skirmisher (Gargoyle Berserker)            Turns: 1380, Time: 00:01:45

Health: -1/34      AC:  6    Str: 21    XL:     5   Next: 20%
Magic:  5/5        EV: 12    Int:  8    God:    Trog [**....]
Gold:   65         SH:  0    Dex:  9    Spells: 4/4 levels left

rFire    + . .     SeeInvis .   a - +0 hand axe
rCold    x . .     Gourm    .   (no shield)
rNeg     + . .     Faith    .   b - +0 animal skin
rPois    ∞         Spirit   .   (no helmet)
rElec    +         Reflect  .   (no cloak)
rCorr    +         Harm     .   (no gloves)
MR       .....                  (no boots)
Stlth    +.........             h - amulet of magic regeneration
HPRegen  0.11/turn              j - ring of fire
MPRegen  0.34/turn              l - ring of resist corrosion

@: no status effects
A: negative energy resistance 1, electricity resistance, unbreathing,
petrification resistance, rot immunity, AC +4
a: Berserk, Trog's Hand, Renounce Religion


You were on level 2 of the Dungeon.
You worshipped Trog.
Trog was pleased with you.
You were not hungry.

You visited 1 branch of the dungeon, and saw 2 of its levels.

You collected 65 gold pieces.

Inventory:

Hand Weapons
 a - a +0 hand axe (weapon)
Armour
 b - a +0 animal skin (worn)
Jewellery
 h - an amulet of magic regeneration (around neck)
 j - a ring of fire (left hand)
 l - a ring of resist corrosion (right hand)
Scrolls
 d - 2 scrolls of teleportation {unknown}
 g - 2 scrolls of remove curse {unknown}
 k - a scroll of identify {unknown}
Potions
 e - a potion of resistance {unknown}
 f - a potion of degeneration {unknown}
 i - a potion of haste {unknown}
Comestibles
 c - 6 rations


   Skills:
 + Level 4.3 Fighting
 + Level 4.0 Axes
 + Level 2.3 Armour
 + Level 2.3 Dodging
 + Level 0.8 Stealth


You had 4 spell levels left.
You didn't know any spells.
Your spell library was empty.

Dungeon Overview and Level Annotations

Branches:
Dungeon (2/15)

Altars:


Innate Abilities, Weirdness & Mutations

You are resistant to torment.
Your stone body is resilient. (AC +4)
You are immune to poison.
You resist negative energy. (rN+)
You are resistant to electric shocks. (rElec)
You can survive without breathing.
You are immune to petrification.
You are immune to rotting.


Message History

The bullfrog is almost dead.
The bullfrog barely misses you. The bullfrog hits you.
* * * LOW HITPOINT WARNING * * *
You barely miss the bullfrog.
The bullfrog is almost dead.
The bullfrog hits you.
* * * LOW HITPOINT WARNING * * *
A leopard gecko comes into view.
You closely miss the bullfrog.
The bullfrog is almost dead.
The bullfrog barely misses you. The bullfrog closely misses you.
You closely miss the bullfrog.
The bullfrog is almost dead.
The bullfrog closely misses you.
The hobgoblin hits you but does no damage.
The bullfrog closely misses you.
You hit the bullfrog but do no damage.
The bullfrog is almost dead.
You closely miss the hobgoblin. The bullfrog hits you.
You die...

.............##..
###########...#.#
###########.#.#.####...
.......................
###########.#.#.####..
#.#...##### #.##†(#...#
#.##..#...##.#
#.###.@......# #.#
#.Fg..#### .# ##....#
#...## ..l.. ##..#.
..... #...##


You could see a bullfrog, a leopard gecko and a hobgoblin.

Vanquished Creatures
  A sky beast (D:2)
  An adder (D:2)
  An ooze (D:1)
  A worm (D:2)
  A dart slug (D:1)
  A leopard gecko (D:2)
  2 ball pythons (D:2)
  3 goblins
  2 hobgoblins (D:1)
  4 jackals (D:2)
  4 kobolds (D:1)
  7 bats
  3 frilled lizards (D:1)
  3 rats
34 creatures vanquished.

Notes
Turn   | Place    | Note
-------+----------+-------------------------------------------
     0 | D:1      | Fang the Gargoyle Berserker began the quest for the Orb.
     0 | D:1      | Reached XP level 1. HP: 14/14 MP: 1/1
   142 | D:1      | Reached XP level 2. HP: 19/19 MP: 2/2
   713 | D:1      | Reached XP level 3. HP: 20/24 MP: 3/3
   972 | D:2      | Noticed a sky beast
  1025 | D:2      | Killed a sky beast
  1025 | D:2      | Reached XP level 4. HP: 9/29 MP: 4/4
  1025 | D:2      | Reached XP level 5. HP: 10/33 MP: 5/5
  1331 | D:2      | Reached ** piety under Trog
  1377 | D:2      | HP: 1/34 [bullfrog (4)]
  1380 | D:2      | Slain by a bullfrog

Skill      XL: |  1  2  3  4  5 |
---------------+----------------+-----
Axes           | 3 4 |  4.0
Fighting       | 4 |  4.3
Dodging        | 2 |  2.3
Armour         | |  2.3
Stealth        | |  0.8

Action                   |  1- 3 |  4- 6 || total
-------------------------+-------+-------++-------
Melee: Hand axe          |   104 |    33 ||   137
Invok: Berserk           |     2 |       ||     2
 Stab: Sleeping          |     1 |       ||     1
  Eat: Chunk             |     1 |     2 ||     3
Armor: Animal skin       |    31 |    14 ||    45
Dodge: Dodged            |    60 |    28 ||    88
